 Dungeon Crawl Stone Soup version 0.31.0-11-ge490571c62 (webtiles) character file.

Game seed: 3139716050243543690

158 SnakkuSnakku7 the Trooper (level 5, -11/42 HPs)
             Began as a Merfolk Conjurer on Jan 31, 2024.
             Killed by divine providence
             ... invoked by an orc priest
              (16 damage)
             ... on level 3 of the Dungeon.
             The game lasted 00:05:32 (2335 turns).

SnakkuSnakku7 the Trooper (Merfolk Conjurer)        Turns: 2335, Time: 00:05:32

Health: -11/42     AC:  8    Str:  6 (7)  XL:     5   Next: 40%
Magic:  5/7        EV: 14    Int: 17 (18) God:
Gold:   161        SH:  5    Dex: 11 (12) Spells: 7/8 levels left

rFire   . .          .
                       - Unarmed
rCold   . . .        (no shield)
rNeg    . . .        u - +0 ring mail
rPois   .            e - +2 hat
rElec   .            (no cloak)
rCorr   .            (no gloves)
SInv    .            f - +0 pair of boots
Will    .....        n - amulet of reflection
Stlth   +            j - +5 ring of evasion
HPRegen 0.27/turn    (no ring)
MPRegen 0.10/turn

%: reflection
@: lethally poisoned (-11 -> -14), invisible
A: (nimble swimmer 2), mertail, horns 1, low MP 1, weak 1
a: no special abilities


You were on level 3 of the Dungeon.
You visited 1 branch of the dungeon, and saw 3 of its levels.

You collected 161 gold pieces.

Inventory:

Hand Weapons
 w - a +2 whip of venom
Missiles
 q - a throwing net
Armour
 a - a +0 robe
 e - a +2 hat (worn)
 f - a +0 pair of boots (worn)
 i - a +0 tower shield
 u - a +0 ring mail (worn)
Jewellery
 j - a +5 ring of evasion (left hand)
 n - an amulet of reflection (around neck)
 p - an amulet of guardian spirit
 r - an amulet of magic regeneration
Scrolls
 c - a scroll of teleportation {unknown}
 k - a scroll of blinking {unknown}
 s - a scroll of immolation {unknown}
 t - a scroll of identify {unknown}
Potions
 b - 2 potions of magic
 d - a potion of lignification {unknown}
 h - 2 potions of degeneration
 o - a potion of mutation


   Skills:
 + Level 3.7 Fighting
 - Level 2.6 Dodging
 - Level 2.1 Stealth
 + Level 3.6 Unarmed Combat
 - Level 2.0 Spellcasting
 - Level 3.2 Conjurations


You had 7 spell levels left.
You knew the following spells:

 Your Spells              Type           Power      Damage    Failure   Level
a - Magic Dart            Conj           48%        1d5       21%         1

Your spell library contained the following spells:

 Spells                   Type           Power      Damage    Failure   Level
 Searing Ray              Conj           24%        2d5       30%         2
 Volatile Blastmotes      Fire/Tloc      2%         2d10      93%         3
 Fulminant Prism          Conj/Alch      3%         3d5       99%         4
 Iskenderun's Mystic Bla  Conj/Tloc      7%         2d4       99%         4


Dungeon Overview and Level Annotations

Branches:
Dungeon (3/15)

Altars:


Innate Abilities, Weirdness & Mutations

((You are very nimble when in or above water. (Stealth+, EV+, Speed+++)))
Your lower body shifts to a powerful aquatic tail in water.
You have a pair of small horns on your head.
Your magical capacity is low. (-10% MP)
You are weak. (Str -2)


Message History

You aren't carrying any items that you can evoke.
Unknown command.
As you read the scroll labelled ZIUM BIONGACK, it crumbles to dust.
You hear a loud clanging noise!
It was a scroll of noise.
You hear an angry hiss.
You hear a shout!
You block the orc's attack. The adder closely misses you.
Unknown command.
As you read the scroll labelled RIHASEAHON, it crumbles to dust.
Wisps of shadow whirl around you...
It was a scroll of summoning.
The adder bites you.
* * * LOW HITPOINT WARNING * * *
You are poisoned.
The adder poisons you! The orc misses you.
You swap places.
* * * LOW HITPOINT WARNING * * *
You feel sick. The adder closely misses your goblin.
The orc hits your goblin with a +0 club.
Your ball python bites the orc priest.
Your ball python barely misses the orc priest.
The adder barely misses your goblin.
Your goblin hits the orc with a +0 dagger.
It was a potion of cancellation.
You feel magically purged.
You feel sick. The orc barely misses your goblin. The adder bites your goblin.
Your ball python barely misses the orc priest.
Your ball python grabs the orc priest.
Your ball python constricts the orc priest.
Your goblin hits the adder with a +0 dagger.
It was a potion of invisibility.
You fade into invisibility!
You feel sick.
The orc hits your goblin with a +0 club.
Your goblin dies!
Your goblin's corpse dissolves into shadows!
An adder comes into view.
Your ball python barely misses the orc priest.
Your ball python constricts the orc priest.
The orc priest invokes the aid of Beogh against you.
Beogh smites you!
You die...

... #.............
###..# #.............
#..... ##...o.##.....
#8..8 ##.########...
##..o. #..# #..o.!.##
.....$##.####.###### .
###oS.)........###
....###SS.o.########....
S.....J@##### #####
....##### # ..


You could see an orc priest (unable to see you, ally target), 2 adders, an orc
(unable to see you), a friendly adder (summoned), a friendly endoplasm
(summoned) and a friendly ball python (summoned).

Vanquished Creatures
  An orc priest (D:3)
  3 gnolls (D:2)
  3 adders
  4 dart slugs
  3 orcs (D:3)
  4 ball pythons
  7 bats
  9 endoplasms
  2 giant cockroaches
  4 goblins
  5 hobgoblins
  4 kobolds
  3 quokkas
  5 frilled lizards
  6 rats
63 creatures vanquished.

Vanquished Creatures (others)
  A ball python (D:3)
1 creature vanquished.

Grand Total: 64 creatures vanquished

Notes
Turn   | Place    | Note
-------+----------+-------------------------------------------
     0 | D:1      | SnakkuSnakku7 the Merfolk Conjurer began the quest for the
                  | Orb.
     0 | D:1      | Reached XP level 1. HP: 13/13 MP: 3/3
   167 | D:1      | Reached skill level 1 in Fighting
   167 | D:1      | Reached skill level 1 in Unarmed Combat
   183 | D:1      | Reached XP level 2. HP: 21/21 MP: 1/5
   686 | D:2      | Reached XP level 3. HP: 15/27 MP: 6/6
   941 | D:2      | Found a faded altar of an unknown god.
  1163 | D:3      | Reached XP level 4. HP: 12/34 MP: 2/7
  1828 | D:2      | Reached XP level 5. HP: 34/41 MP: 5/8
  2047 | D:3      | HP: 1/41 [orc priest/divine providence (16)]
  2330 | D:3      | Gained mutation: You are weak. (Str -2) [potion of
                  | mutation]
  2330 | D:3      | Gained mutation: Your magical capacity is low. (-10% MP)
                  | [potion of mutation]
  2330 | D:3      | Gained mutation: You have a pair of small horns on your
                  | head. [potion of mutation]
  2335 | D:3      | Killed from afar by an orc priest

Illustrated notes

Levels and vault maps discovered:
D:1:      roderic_dead_forest, layout_loops_ring
D:2:      layout_basic, hellmonk_ecumenical_altar_run_dry
D:3:      layout_rooms, minitemple

Skill      XL: |  1  2  3  4 |
---------------+-------------+-----
Fighting       | 1 2 3 |  3.7
Unarmed Combat | 1 2 3 |  3.6
Dodging        | |  2.6
Stealth        | |  2.1
Spellcasting   | |  2.0
Conjurations   | |  3.2

Action                     |  1- 3 |  4- 6 || total
---------------------------+-------+-------++-------
  Melee: Unarmed           |   209 |   110 ||   319
         Punch             |     2 |     4 ||     6
   Cast: Magic Dart        |    26 |    20 ||    46
    Use: Potion            |       |     4 ||     4
         Scroll            |       |     2 ||     2
   Stab: Sleeping          |     1 |     1 ||     2
 Armour: Robe              |    82 |    37 ||   119
         Ring mail         |       |     6 ||     6
  Dodge: Dodged            |   175 |   111 ||   286
  Block: Other             |    28 |    31 ||    59
         Reflection        |     1 |     1 ||     2
